 Dungeon Crawl Stone Soup version 0.23-a0-386-g9c9d49f (webtiles) character file.

17774 Gergoth the Basher (level 12, -9/77 HPs)
             Began as a Gargoyle Fighter on Oct 28, 2018.
             Was a High Priest of Okawaru.
             Mangled by Urug
             ... wielding a +7 eveningstar of protection
              (18 damage)
             ... on level 1 of the Lair of Beasts.
             The game lasted 00:43:17 (19842 turns).

Gergoth the Basher (Gargoyle Fighter)              Turns: 19842, Time: 00:43:17

Health: -9/77      AC: 20    Str: 22    XL:     12   Next: 51%
Magic:  21/26      EV: 12    Int: 15    God:    Okawaru [*****.]
Gold:   588        SH:  9    Dex: 12    Spells: 30/31 levels left

rFire    . . .     SeeInvis .   z - +3 morningstar
rCold    + . .     Gourm    .   c - +0 shield
rNeg     + . .     Faith    +   a - +1 ring mail "Hauhoe" {Regen+ Dex+3} (curse)
rPois    ∞         Spirit   .   P - +0 hat {Int+3}
rElec    +         Reflect  .   s - +1 cloak
rCorr    .         Harm     .   (no gloves)
MR       .....                  q - +1 pair of boots
Stlth    ++........             G - amulet of faith
HPRegen  0.62/turn              o - ring of stealth (curse)
MPRegen  0.20/turn              F - ring of protection from cold

@: finesse
A: negative energy resistance 1, electricity resistance, unbreathing,
petrification resistance, rot immunity, AC +8
a: Heroism, Finesse, Renounce Religion


You were on level 1 of the Lair of Beasts.
You worshipped Okawaru.
Okawaru was extremely pleased with you.
You were not hungry.

You visited 3 branches of the dungeon, and saw 13 of its levels.
You also visited: Ice Cave.

You collected 826 gold pieces.
You spent 238 gold pieces at shops.

Inventory:

Hand Weapons
 z - a +3 morningstar (weapon)
Armour
 a - the cursed +1 ring mail "Hauhoe" (worn) {Regen+ Dex+3}
   (You found it on level 11 of the Dungeon)

   It affects your dexterity (+3).
   It increases your rate of regeneration.
   It has a curse placed upon it.
 b - a scarf of resistance
 c - a +0 shield (worn)
 q - a +1 pair of boots (worn)
 s - a +1 cloak (worn)
 M - a +2 buckler of reflection
 O - a +1 large shield of cold resistance
 P - a +0 hat of intelligence (worn)
 S - a +1 pair of gloves of archery
Jewellery
 e - an uncursed ring of protection from fire {unknown}
 o - a cursed ring of stealth (left hand)
 v - an uncursed ring of wizardry
 F - a ring of protection from cold (right hand)
 G - an amulet of faith (around neck)
 R - an uncursed ring of protection from fire {unknown}
Wands
 h - a wand of flame (27)
 t - a wand of digging (15)
 A - a wand of scattershot (4)
 I - a wand of polymorph (18)
 K - a wand of acid (7)
 Q - a wand of enslavement (12)
 T - a wand of random effects (28)
Scrolls
 g - 2 scrolls of teleportation
 i - 3 scrolls of amnesia
 k - 10 scrolls of remove curse
 u - a scroll of torment
 w - 3 scrolls of enchant weapon
 y - 2 scrolls of magic mapping
 L - 3 scrolls of identify
Potions
 d - 4 potions of might
 j - 2 potions of magic
 l - 4 potions of invisibility
 m - 2 potions of agility
 n - 2 potions of heal wounds
 p - 2 potions of haste
 r - 7 potions of curing
 x - a potion of cancellation
 B - a potion of flight {unknown}
 C - 2 potions of mutation {unknown}
 D - a potion of ambrosia {unknown}
 E - a potion of brilliance {unknown}
 H - a potion of resistance {unknown}
Comestibles
 f - 14 rations
 N - 4 chunks of flesh


   Skills:
 - Level 10.0 Fighting
 + Level 11.8 Maces & Flails
 + Level 5.9 Armour
 + Level 6.5 Dodging
 - Level 3.2 Shields
 - Level 10.0 Spellcasting


You had 30 spell levels left.
You knew the following spells:

 Your Spells              Type           Power        Failure   Level  Hunger
a - Apportation           Tloc           #.....       56%         1    None

Your spell library contained the following spells:

 Spells                   Type           Power        Failure   Level  Hunger
 Animate Skeleton         Necr           N/A          56%         1    None
 Confusing Touch          Hex            #.....       56%         1    None
 Summon Small Mammal      Summ           #...         56%         1    None


Dungeon Overview and Level Annotations

Branches:
Dungeon (11/15)            Temple (0/1) D:5            Lair (1/6) D:11
    Orc (1/2) D:11

Altars:
Dithmenos
Elyvilon
Fedhas
Gozag
Kikubaaqudgha
Makhleb
Nemelex Xobeh
Okawaru
Sif Muna
Trog
Vehumet
Wu Jian
Yredelemnul
The Shining One

Shops:
D:5 *   D:7 !

Annotations:
D:7 Harold
Lair:1 Urug


Innate Abilities, Weirdness & Mutations

You are resistant to torment.
Your stone body is resilient. (AC +8)
You are immune to poison.
You resist negative energy. (rN+)
You are resistant to electric shocks. (rElec)
You can survive without breathing.
You are immune to petrification.
You are immune to rotting.


Message History

You fail to use your ability.
You feel like a meek peon again. You block the spiny frog's attack.
Urug hits you with a +7 eveningstar of protection!
You can now deal lightning-fast blows.
The spiny frog stings you!
* * * LOW HITPOINT WARNING * * *
Urug hits you with a +7 eveningstar of protection.
* * * LOW HITPOINT WARNING * * *
You closely miss Urug.
Urug is heavily wounded.
You block the spiny frog's attack.
You barely miss Urug.
Urug is heavily wounded.
The spiny frog stings you.
* * * LOW HITPOINT WARNING * * *
Your shield prevents you from hitting Urug.
Urug is heavily wounded.
Urug hits you with a +7 eveningstar of protection!!
You die...

P.........≈≈##
#.........≈≈≈#
#.........≈≈#####≈....≈
##.........≈≈≈≈≈≈≈≈....≈
#P.....}...............≈
#.....................≈
#....Fo..?.............
#.....@.....)..........
#.....(................
###......................
#.P......................
....P.#...#..............
....##...................
........(.#..............
..........#..............
....##...................


You could see Urug and a spiny frog.

Vanquished Creatures
  A frost giant (IceCv)
  A hydra (D:11)
  Maurice (D:10)
  A manticore (D:9)
  Joseph (D:10)
  An ice statue (IceCv)
  A gargoyle (D:9)
  2 komodo dragons (D:11)
  A merfolk (D:10)
  A troll (D:10)
  Grinder (D:6)
  A hippogriff (D:11)
  16 polar bears (IceCv)
  18 yaks
  2 steam dragons (D:5)
  A hungry ghost (D:11)
  Duvessa (D:6)
  Edmund (D:6)
  4 orc warriors
  9 ice beasts
  A phantom (D:6)
  2 black bears
  2 sky beasts
  4 ogres
  5 wolves (IceCv)
  A necrophage (D:8)
  A crocodile (D:9)
  6 centaurs
  A big kobold (D:9)
  Blork the orc (D:6)
  7 bullfrogs
  2 water moccasin zombies
  Dowan (D:6)
  3 scorpions
  8 killer bees
  A bullfrog zombie (D:6)
  4 crimson imps
  2 centaur zombies
  A quasit (D:6)
  4 orc priests
  14 orc wizards
  4 centaur skeletons
  6 bullfrog skeletons
  Jessica (D:3)
  6 iguanas
  5 worker ants
  A killer bee zombie (D:6)
  2 hound skeletons
  2 gnolls (D:3)
  13 adders
  3 shadow imps
  2 oozes
  3 adder zombies
  A worm (D:5)
  3 leopard geckos
  43 orcs
  3 ball pythons
  9 bats
  8 giant cockroaches
  13 goblins
  8 hobgoblins
  8 jackals
  A quokka (D:2)
  4 frilled lizards
  13 kobolds
  A quokka skeleton (D:4)
  4 rats
303 creatures vanquished.

Vanquished Creatures (others)
  A quokka (D:4)
  8 plants (D:11)
9 creatures vanquished.

Grand Total: 312 creatures vanquished

Notes
Turn   | Place    | Note
-------+----------+-------------------------------------------
     0 | D:1      | Gergoth the Gargoyle Fighter began the quest for the Orb.
     0 | D:1      | Reached XP level 1. HP: 14/14 MP: 1/1
   115 | D:1      | Reached XP level 2. HP: 16/19 MP: 2/2
   325 | D:1      | Reached skill level 1 in Spellcasting
   703 | D:1      | Reached XP level 3. HP: 23/24 MP: 4/4
  1330 | D:2      | Reached XP level 4. HP: 29/29 MP: 6/6
  1621 | D:2      | Reached skill level 3 in Maces & Flails
  1742 | D:2      | Found a deep blue altar of Sif Muna.
  2122 | D:3      | Noticed Jessica
  2152 | D:3      | Killed Jessica
  2152 | D:3      | Reached XP level 5. HP: 26/34 MP: 6/8
  2259 | D:3      | Found an iron altar of Okawaru.
  2435 | D:3      | Became a worshipper of Warmaster Okawaru
  2684 | D:3      | Found an opulent altar of Gozag.
  2891 | D:3      | Found a basalt altar of Yredelemnul.
  2984 | D:4      | Reached XP level 6. HP: 34/40 MP: 8/10
  3079 | D:4      | Reached skill level 5 in Fighting
  3289 | D:4      | Found a radiant altar of Vehumet.
  3397 | D:5      | Entered Level 5 of the Dungeon
  3407 | D:5      | Reached skill level 4 in Maces & Flails
  3480 | D:5      | Found a sparkling altar of Nemelex Xobeh.
  3684 | D:5      | Found Odooth's General Store.
  3925 | D:5      | Noticed a steam dragon
  3926 | D:5      | Noticed a steam dragon
  3958 | D:5      | Killed a steam dragon
  3958 | D:5      | Reached XP level 7. HP: 8/44 MP: 10/12
  4430 | D:5      | Found a staircase to the Ecumenical Temple.
  4695 | D:5      | Reached * piety under Okawaru
  4707 | D:5      | Found a white marble altar of Elyvilon.
  4707 | D:5      | Found a burning altar of Makhleb.
  4966 | D:5      | Killed a steam dragon
  4966 | D:5      | Reached skill level 5 in Maces & Flails
  5183 | D:6      | Noticed Blork the orc
  5407 | D:6      | Killed Blork the orc
  5407 | D:6      | Reached XP level 8. HP: 20/52 MP: 14/14
  5789 | D:6      | Reached ** piety under Okawaru
  5834 | D:6      | Noticed Grinder
  5853 | D:6      | Paralysed by Grinder for 4 turns
  5859 | D:6      | Paralysed by Grinder for 2 turns
  5870 | D:6      | Paralysed by Grinder for 6 turns
  5873 | D:6      | Killed Grinder
  5873 | D:6      | Reached skill level 6 in Maces & Flails
  5873 | D:6      | Reached skill level 5 in Spellcasting
  6604 | D:6      | Noticed Duvessa
  6604 | D:6      | Noticed Dowan
  6681 | D:6      | Noticed Edmund
  6707 | D:6      | Killed Edmund
  6707 | D:6      | Reached XP level 9. HP: 40/58 MP: 17/17
  6863 | D:7      | Found a bloodstained altar of Trog.
  7248 | D:7      | Reached *** piety under Okawaru
  7248 | D:7      | Reached skill level 7 in Maces & Flails
  7462 | D:7      | Found Jecoatwudiw's Distillery.
  7465 | D:7      | Bought a potion of curing for 42 gold pieces
  7465 | D:7      | Bought a potion of heal wounds for 70 gold pieces
  7465 | D:7      | Bought a potion of degeneration for 14 gold pieces
  7465 | D:7      | Bought a potion of cancellation for 112 gold pieces
  7538 | D:7      | Found a blossoming altar of Fedhas.
  7547 | D:7      | Noticed Harold
  8305 | D:7      | Found an ancient bone altar of Kikubaaqudgha.
  8404 | D:8      | You fall through a shaft!
  8672 | D:9      | Found a glowing golden altar of the Shining One.
  8926 | D:8      | Found an ornate altar of the Wu Jian Council.
  9020 | D:8      | Noticed Maurice
  9508 | D:8      | Reached skill level 8 in Maces & Flails
  9986 | D:9      | Noticed a manticore
 10017 | D:9      | Killed a manticore
 10017 | D:9      | Reached **** piety under Okawaru
 10017 | D:9      | Reached XP level 10. HP: 5/66 MP: 18/21
 11026 | D:9      | Reached skill level 10 in Fighting
 11049 | D:9      | Reached skill level 9 in Maces & Flails
 11533 | D:10     | Entered Level 10 of the Dungeon
 11753 | D:8      | Found a shadowy altar of Dithmenos.
 12008 | D:7      | You fall through a shaft for 3 floors!
 12549 | D:10     | Noticed a gargoyle
 12559 | D:9      | Killed a gargoyle
 12559 | D:9      | Reached skill level 1 in Dodging
 13228 | D:10     | Killed Maurice
 13441 | D:10     | Reached ***** piety under Okawaru
 13486 | D:10     | Noticed Joseph
 13517 | D:10     | Killed Joseph
 13700 | D:10     | Reached XP level 11. HP: 72/72 MP: 23/23
 13942 | D:10     | Reached skill level 10 in Maces & Flails
 15109 | D:4      | Got a brightly glowing spear
 15155 | D:5      | Identified the +8 spear of Chagrin {antimagic, rPois MR-
                  | Int+3} (You found it on level 4 of the Dungeon)
 15328 | D:11     | Got a brightly glowing ring mail
 15333 | D:11     | Identified the cursed +1 ring mail "Hauhoe" {Regen+ Dex+3}
                  | (You found it on level 11 of the Dungeon)
 15407 | D:11     | Received a gift from Okawaru
 15542 | D:11     | Found a frozen archway.
 15623 | IceCv    | Entered an ice cave
 16709 | IceCv    | Reached skill level 5 in Dodging
 17004 | IceCv    | Received a gift from Okawaru
 17004 | IceCv    | Reached skill level 11 in Maces & Flails
 17225 | IceCv    | Reached skill level 10 in Spellcasting
 17439 | IceCv    | Reached XP level 12. HP: 57/77 MP: 24/26
 17538 | IceCv    | Noticed a frost giant
 17629 | IceCv    | Killed a frost giant
 17761 | IceCv    | Received a gift from Okawaru
 17877 | IceCv    | Reached skill level 5 in Armour
 18107 | D:11     | Noticed a seven-headed hydra
 18152 | D:11     | Killed a seven-headed hydra
 18805 | D:11     | Found a staircase to the Lair.
 18918 | D:11     | Found a staircase to the Orcish Mines.
 19351 | D:6      | Killed Dowan
 19354 | D:6      | Killed Duvessa
 19634 | Orc:1    | Entered Level 1 of the Orcish Mines
 19634 | Orc:1    | Noticed a two-headed ogre
 19634 | Orc:1    | Noticed an orc warlord
 19693 | D:11     | Learned a level 1 spell: Apportation
 19755 | Lair:1   | Entered Level 1 of the Lair of Beasts
 19810 | Lair:1   | Noticed Urug
 19842 | Lair:1   | Mangled by Urug

Vault maps used:
D:1:      lemuel_arrival_river_ford, serial_forest,
          infiniplex_forest_lined_room_2, infiniplex_forest_lined_room_,
          infiniplex_forest_corner_1, infiniplex_forest_clump_medium,
          infiniplex_forest_lined_1, infiniplex_forest_clump_large
D:2:      lemuel_blue_sif_altar, first_ration
D:3:      nicolae_gozag_cash_rules_everything_around_me,
          okawaru_altar_gauntlet_db, marbit_many_paths, uniq_jessica
D:4:      lemuel_crystal_altar, lemuel_flame_loot_1
D:5:      kennysheep_steamy, lemuel_doored_altar,
          gammafunk_temple_overflow_wave, minmay_temple_entry_grid,
          serial_glass, glass_columns_a, glass_columns_a, glass_columns_c,
          glass_columns_c, glass_columns_b, glass_columns_b, glass_columns_c,
          glass_columns_b, glass_columns_b, glass_columns_a, glass_columns_a,
          glass_columns_a, glass_columns_c, glass_columns_a, serial_shops, shop,
          kennysheep_nondescript
D:6:      uniq_grinder, uniq_duvessa, uniq_edmund, uniq_blork_the_orc
D:7:      kiku_gazebo_pond_becter, nicolae_overflow_crystal_walls,
          lemuel_crystal_altar, serial_shops, nicolae_shop_trees, uniq_harold
D:8:      nicolae_dithmenos_through_a_glass_darkly, lemuel_crystal_altar,
          uniq_maurice
D:9:      lemuel_coloured_pillars_altar
D:10:     hangedman_fish_farm, minivault_26, uniq_joseph
D:11:     david_lair_shrubbed, orc_0_dummy, portal_ice_cave_entry_ice_beasts
Lair:1:   lemuel_fruit_fields, grunt_megastairs_3, serial_bayou_shore_b,
          uniq_erica, uniq_urug
Orc:1:    special_room, nicolae_orc_crystal_geode
IceCv:    ice_cave_small_giant

Skill      XL: |  1  2  3  4  5  6  7  8  9 10 11 12 |
---------------+-------------------------------------+-----
Spellcasting   | 1 2 3 4 5 7 8 10 | 10.0
Fighting       | 4 5 6 7 9 10 | 10.0
Maces & Flails | 3 4 5 6 8 9 11 | 11.8
Dodging        | 2 5 6 |  6.5
Armour         | 5 |  5.9
Shields        | |  3.2

Action                   |  1- 3 |  4- 6 |  7- 9 | 10-12 || total
-------------------------+-------+-------+-------+-------++-------
Melee: Flail             |   154 |     6 |       |       ||   160
       Dagger            |       |   236 |   615 |   188 ||  1039
       Morningstar       |       |       |       |   623 ||   623
       Unarmed           |       |       |       |     9 ||     9
Throw: Throwing net      |       |       |       |     1 ||     1
Invok: Heroism           |       |       |     4 |    10 ||    14
       Finesse           |       |       |       |     3 ||     3
Evoke: Wand              |       |       |     1 |    31 ||    32
  Use: Scroll            |       |     8 |     5 |    12 ||    25
       Potion            |       |       |       |     2 ||     2
 Stab: Distracted        |       |       |       |     1 ||     1
       Held in net/web   |       |       |       |     1 ||     1
  Eat: Chunk             |     2 |     8 |    13 |    13 ||    36
       Ration            |       |       |     2 |     6 ||     8
Armor: Scale mail        |   123 |   126 |   450 |   162 ||   861
       Ring mail         |       |       |       |   297 ||   297
       Skin              |       |       |       |     1 ||     1
Dodge: Dodged            |    85 |    81 |   246 |   321 ||   733
Block: Shield            |   111 |   101 |   341 |   407 ||   960
       Buckler           |       |       |       |     2 ||     2

Table legend:
 A = Non-vault XP
 B = Vault XP
 C = Vault XP percentage of total XP
 D = Non-vault monster count
 E = Vault monster count
 F = Vault count percentage of total count
                 A         B        C        D         E       F
            +---------+---------+-------+---------+---------+-------
      Total |   11487 |   13905 |  54.8 |     240 |      63 |  20.8
            +---------+---------+-------+---------+---------+-------
        D:1 |      44 |       0 |   0.0 |      23 |       0 |   0.0
        D:2 |      80 |       0 |   0.0 |      29 |       0 |   0.0
        D:3 |      92 |      75 |  44.9 |      20 |       8 |  28.6
        D:4 |      59 |       0 |   0.0 |       4 |       0 |   0.0
        D:5 |     314 |     359 |  53.3 |      10 |       2 |  16.7
        D:6 |    1178 |     737 |  38.5 |      27 |       5 |  15.6
        D:7 |     886 |       0 |   0.0 |      23 |       0 |   0.0
        D:8 |    1006 |       0 |   0.0 |      27 |       0 |   0.0
        D:9 |    2918 |       0 |   0.0 |      35 |       0 |   0.0
       D:10 |    1703 |    1282 |  42.9 |      15 |       3 |  16.7
       D:11 |    3122 |    1384 |  30.7 |      26 |       9 |  25.7
     Lair:1 |      85 |       0 |   0.0 |       1 |       0 |   0.0
      IceCv |       0 |   10068 | 100.0 |       0 |      36 | 100.0
            +---------+---------+-------+---------+---------+-------
